 Dungeon Crawl Stone Soup version 0.31.0-10-gcf4a605ca0 (webtiles) character file.

Game seed: 12811278129385505630

1787 AlmostDecent the Cleaver (level 8, 0/41 (61) HPs)
             Began as a Demonspawn Berserker on Jan 26, 2024.
             Was a Priest of Trog.
             Slain by Jeremiah
             ... wielding a +4 trident of draining
              (2 damage)
             ... on level 7 of the Dungeon.
             The game lasted 00:11:57 (4417 turns).

AlmostDecent the Cleaver (Demonspawn Berserker)     Turns: 4417, Time: 00:11:58

HP:   0/41 (61)     AC: 11    Str: 21    XL:     8   Next: 82%
MP:   17/17         EV:  7    Int:  7    God:    Trog [***...]
Gold: 267           SH: 11    Dex: 12    Spells: 7/7 levels left

rFire   . . .        d - +5 broad axe (freeze)
rCold   . . .        B - +0 tower shield
rNeg    . . .        h - +0 scale mail
rPois   .            p - +0 helmet
rElec   .            (no cloak)
rCorr   .            t - +2 pair of gloves
SInv    .            (no boots)
Will    ++...        k - amulet of regeneration Stlth
                     e - ring of magical power
HPRegen 2.06/turn    (no ring)
MPRegen 0.15/turn

%: no passive effects
@: strong-willed (expiring), on berserk cooldown, regenerating (expiring),
slowed, very heavily drained, very slow
A: ignite blood 1, sharp scales 1, demonic magic 2
a: Renounce Religion, Berserk, Trog's Hand


You were on level 7 of the Dungeon.
You worshipped Trog.
Trog was most pleased with you.
You visited 1 branch of the dungeon, and saw 7 of its levels.

You collected 267 gold pieces.

Inventory:

Hand Weapons
 a - a +0 hand axe
 d - a +5 broad axe of freezing (weapon)
 g - a +4 trident
 q - a +4 whip of electrocution
Armour
 b - a +0 animal skin
 h - a +0 scale mail (worn)
 p - a +0 helmet (worn)
 t - a +2 pair of gloves (worn)
 B - a +0 tower shield (worn)
Jewellery
 e - a ring of magical power (left hand)
 k - an amulet of regeneration (around neck)
Wands
 D - a wand of flame (24)
Scrolls
 c - a scroll of fear
 j - 7 scrolls of teleportation
 l - a scroll of enchant armour {unknown}
 o - a scroll of poison {unknown}
 u - a scroll of immolation {unknown}
 v - a scroll of fog {unknown}
 w - a scroll of enchant weapon {unknown}
 x - a scroll of amnesia {unknown}
 y - 2 scrolls of blinking {unknown}
 E - a scroll of silence {unknown}
Potions
 f - a potion of brilliance {unknown}
 i - a potion of enlightenment {unknown}
 m - 2 potions of curing
 n - a potion of lignification {unknown}
 r - a potion of invisibility {unknown}
 s - a potion of resistance {unknown}
 z - a potion of magic {unknown}
 A - 3 potions of might
 C - a potion of attraction {unknown}


   Skills:
 + Level 4.9 Fighting
 * Level 10.0 Axes
 - Level 1.7 Armour
 - Level 1.7 Dodging
 + Level 1.5 Shields


You had 7 spell levels left.
You didn't know any spells.
Your spell library was empty.

Dungeon Overview and Level Annotations

Branches:
Dungeon (7/15)
 Temple: D:4-7

Altars:
Ashenzari
Cheibriados
Dithmenos
Nemelex Xobeh
Ru
Trog

Annotations:
D:7 Jeremiah


Innate Abilities, Weirdness & Mutations

Your demonic aura sometimes causes spilled blood to erupt in flames.
You are partially covered in razor-sharp scales. (AC +1, Slay +1)
Spells you cast may paralyse nearby enemies.


Message History

You feel drained.
You slice the butterfly!! You freeze the butterfly.
You kill the butterfly!
The butterfly disappears in a burst of colours!
You completely miss the butterfly. You slash the butterfly!
You freeze the butterfly.
You kill the butterfly!
The butterfly disappears in a burst of colours! x2
Jeremiah hits you but does no damage.
You feel drained.
The butterfly disappears in a burst of colours!
Jeremiah hits you with a +4 trident of draining.
You feel drained.
* * * LOW HITPOINT WARNING * * *
You slash Jeremiah! You freeze Jeremiah.
Jeremiah is heavily wounded.
You miss the butterfly. x3
Jeremiah hits you with a +4 trident of draining.
* * * LOW HITPOINT WARNING * * *
You feel drained.
* * * LOW HITPOINT WARNING * * *
You slash Jeremiah! You freeze Jeremiah.
Jeremiah is almost dead.
You miss the butterfly.
The butterfly disappears in a burst of colours!
Jeremiah hits you with a +4 trident of draining!
* * * LOW HITPOINT WARNING * * *
You feel drained.
You barely miss Jeremiah.
Jeremiah is almost dead.
You completely miss the butterfly. You closely miss the butterfly. x2
You are no longer berserk.
You are exhausted.
You feel yourself slow down.
You feel the effects of Trog's Hand fading.
The butterfly disappears in a burst of colours!
Jeremiah hits you with a +4 trident of draining.
* * * LOW HITPOINT WARNING * * *
You feel drained.
You die...
Jeremiah says, "O terrible one, your will is done."

#.#.#.##
#.#.#..##..
#<..b......
#.#.##.##.
#.#b# #.#.#
#
#b#.##b##.
#bbb.b.....
#@bb...##..
#F####b#
#b# .# #.#
. #b# . #..
.. ###


You could see Jeremiah.

Vanquished Creatures
  Grinder (D:3)
  Eustachio (D:4)
  Duvessa (D:6)
  2 ogres
  A phantom (D:5)
  A bullfrog (D:6)
  A gnoll sergeant (D:6)
  3 scorpions
  Dowan (D:6)
  3 wights (D:6)
  2 jellies
  2 hounds
  An iguana (D:5)
  4 sleepcaps
  2 orc wizards
  Robin (D:2)
  8 adders
  8 gnolls (D:6)
  2 shadow imps
  A ribbon worm (D:2)
  A dart slug (D:1)
  13 orcs
  4 bats (D:1)
  7 endoplasms
  3 giant cockroaches
  25 goblins
  10 hobgoblins
  7 kobolds
  4 quokkas
  5 ball pythons
  4 frilled lizards
  5 rats (D:1)
134 creatures vanquished.

Notes
Turn   | Place    | Note
-------+----------+-------------------------------------------
     0 | D:1      | AlmostDecent the Demonspawn Berserker began the quest for
                  | the Orb.
     0 | D:1      | Reached XP level 1. HP: 18/18 MP: 1/1
   114 | D:1      | Reached skill level 3 in Axes
   169 | D:1      | Gained mutation: You are partially covered in razor-sharp
                  | scales. (AC +1, Slay +1) [demonic ancestry]
   169 | D:1      | Reached XP level 2. HP: 22/24 MP: 2/2
   665 | D:1      | Gained mutation: Spells you cast may paralyse adjacent
                  | enemies. [demonic ancestry]
   665 | D:1      | Reached XP level 3. HP: 29/29 MP: 3/3
   671 | D:1      | Identified a scroll of acquirement
   671 | D:1      | Acquired a +5 broad axe of freezing
   813 | D:2      | Reached ** piety under Trog
   949 | D:2      | Found a snail-covered altar of Cheibriados.
  1084 | D:2      | Reached skill level 4 in Axes
  1085 | D:2      | Reached XP level 4. HP: 34/35 MP: 4/4
  1085 | D:2      | Noticed Robin
  1093 | D:2      | Killed Robin
  1542 | D:3      | Noticed Grinder
  1560 | D:3      | Killed Grinder
  1561 | D:3      | Reached skill level 5 in Axes
  1561 | D:3      | Reached XP level 5. HP: 42/42 MP: 5/5
  1561 | D:3      | Gained mutation: Spells you cast may paralyse nearby
                  | enemies. [demonic ancestry]
  1561 | D:3      | Reached XP level 6. HP: 48/48 MP: 6/6
  1663 | D:3      | Reached skill level 6 in Axes
  1927 | D:3      | Found a sparkling altar of Nemelex Xobeh.
  2200 | D:4      | Reached *** piety under Trog
  2414 | D:4      | Gained mutation: Your demonic aura sometimes causes spilled
                  | blood to erupt in flames. [demonic ancestry]
  2414 | D:4      | Reached XP level 7. HP: 54/54 MP: 7/7
  2502 | D:4      | Noticed Eustachio
  2510 | D:4      | Killed Eustachio
  2511 | D:4      | Reached skill level 7 in Axes
  2982 | D:5      | Entered Level 5 of the Dungeon
  3488 | D:5      | Reached skill level 8 in Axes
  3674 | D:5      | Found a sacrificial altar of Ru.
  3793 | D:6      | Reached XP level 8. HP: 61/61 MP: 8/8
  3823 | D:6      | Found a broken altar of Ashenzari.
  3830 | D:6      | Reached skill level 9 in Axes
  3877 | D:6      | Found a shadowy altar of Dithmenos.
  3885 | D:6      | Reached skill level 1 in Shields
  3972 | D:6      | Found a bloodstained altar of Trog.
  4060 | D:6      | Noticed Duvessa
  4061 | D:6      | Noticed Dowan
  4067 | D:6      | Killed Dowan
  4071 | D:6      | Killed Duvessa
  4094 | D:6      | Reached skill level 10 in Axes
  4174 | D:6      | Reached **** piety under Trog
  4227 | D:6      | Found a snail-covered altar of Cheibriados.
  4378 | D:7      | Noticed Jeremiah
  4417 | D:7      | HP: 2/42 [Jeremiah/+4 trident of draining (5)]
  4417 | D:7      | Slain by Jeremiah

Illustrated notes

Levels and vault maps discovered:
D:1:      pf_arrival_petrified_forest, layout_loops_ring, serial_bayou_pond_e
D:2:      layout_loops_ring, basic_altar, uniq_robin
D:3:      layout_loops_ring, nemelex_spade_bored_becter, minmay_ogre_servants,
          uniq_grinder
D:4:      layout_basic, st_stairs_4, dreamdust_mushroom_princess, uniq_eustachio
D:5:      layout_basic, general_overflow_altar, mainiacjoe_overflow_boulevard,
          kennysheep_generic_room_15
D:6:      layout_gridville, mainiacjoe_overflow_small_starburst,
          lemuel_crystal_altar, mainiacjoe_overflow_catch_the_wave, uniq_duvessa
D:7:      layout_basic, minmay_temple_entry_glass, grunt_ministairs_1,
          uniq_jeremiah, uniq_maggie

Skill      XL: |  1  2  3  4  5  6  7  8 |
---------------+-------------------------+-----
Axes           | 3 4 5 6 8 10 | 10.0
Fighting       | 4 |  4.9
Shields        | 1 |  1.5
Armour         | |  1.7
Dodging        | |  1.7

Action                     |  1- 3 |  4- 6 |  7- 9 || total
---------------------------+-------+-------+-------++-------
  Melee: Hand axe          |    68 |       |       ||    68
         Broad axe         |    41 |    65 |   113 ||   219
 Invoke: Berserk           |       |     1 |     1 ||     2
         Trog's Hand       |       |     1 |     1 ||     2
    Use: Scroll            |     2 |       |     5 ||     7
 Armour: Animal skin       |    18 |       |       ||    18
         Scale mail        |    42 |    37 |    77 ||   156
  Dodge: Dodged            |    57 |    29 |    26 ||   112
  Block: Tower shield      |       |       |    52 ||    52
